AoeStats
← 739697286

Black Forest

510295111Analyzed
4v4 RM · 3d ago on Sep 30, 2026· 17m 59s· 8 players
Game mode
Random Map
Map size
Large (8 player)
Population
200
Speed
Normal
Resources
Standard
Victory
Conquest
Starting age
Dark Age
Ending age
Imperial Age
RankedLock teamsTeams togetherTeam positionsShared explorationLock speedFull tech treeHidden civsTurbo modeCheats
Victory
Defeat
🇫🇷 Georgians · France
1683
+7
🇫🇷 Tupi · France
1576
+10
🇫🇷 Turks · France
1550
+11
🇫🇷 Ethiopians · France
1363
+18
🇬🇧 Slavs · United Kingdom
1459
-13
🇩🇪 Gurjaras · Germany
1442
-11
🇨🇳 Cumans · China
1427
-11
🇹🇼 Bengalis · Taiwan
1422
-11
Locke
0:45 Loom
0:50 Loom
10:40 Feudal Age
10:48 Man-at-Arms
11:25 Double-Bit Axe
家豪豪
12:40 Feudal Age
17:00 Castle Age
15:10 Double-Bit Axe
17:20 Horse Collar
17:53 Bow Saw
Blade_PEC
9:16 Feudal Age
15:39 Castle Age
15:09 Double-Bit Axe
15:06 Horse Collar
17:31 Bow Saw
739697286
9:25 Feudal Age
10:07 Double-Bit Axe
10:53 Horse Collar
16:49 Loom
19:35 Castle Age
Balgrodor
4:32 Loom
9:30 Feudal Age
10:00 Double-Bit Axe
9:56 Horse Collar
17:58 Scale Barding Armor
18:04 Forging
baug
2:04 Loom
9:25 Feudal Age
11:33 Fletching
iFxrY
6:30 Loom
9:10 Feudal Age
9:14 Man-at-Arms
10:25 Arson
10:51 Double-Bit Axe
14:09 Horse Collar
19:38 Castle Age
17:49 Gold Mining
Lil Fabrice
10:59 Feudal Age
14:39 Castle Age
13:48 Double-Bit Axe
13:46 Horse Collar
15:56 Fletching
Connection lost

Rejoining the realm…

Still unreachable

The connection could not be restored.

Session expired

The server has moved on; the page needs a fresh start.